 Dungeon Crawl Stone Soup version 0.30-a0-923-g828ccac5a3 (webtiles) character file.

Game seed: 10107337731127745224

266226 MacCMillion the Warrior (level 19, 0/183 HPs)
             Began as a Minotaur Fighter on Mar 22, 2023.
             Was the Champion of Okawaru.
             Killed from afar by a starcursed mass (12 damage)
             ... with an accursed screaming
             ... on level 4 of the Abyss.
             The game lasted 01:34:08 (39141 turns).

MacCMillion the Warrior (Minotaur Fighter)         Turns: 39141, Time: 01:34:09

Health: 0/183      AC: 37    Str: 25      XL:     19   Next: 32%
Magic:  27/27      EV: 13    Int:  1 (4)  God:    Okawaru [******]
Gold:   3681       SH: 14    Dex: 17      Spells: 18/18 levels left

rFire   + . .      SeeInvis +    a - +9 broad axe (vamp)
rCold   + . .      Faith    .    P - +0 kite shield
rNeg    + . .      Spirit   .    U - +0 crystal plate armour {rC+}
rPois   +          Reflect  .    o - +2 hood of the Assassin {Detect Stab+ Stlth++}
rElec   .          Rampage  .    V - +2 ratskin cloak {*Rats rPois rN+ Str-1 Int-1 Dex+1}
rCorr   .                        M - -2 pair of gloves of the Volcano {rF+ Will+ Dex+3}
Will    +++..                    Z - +0 pair of boots of Surprise {Dex+2} Stlth
                                 l - amulet of regeneration
HPRegen 0.00/turn                u - ring "Xoubri" {Fly Will+ EV+5}
MPRegen 0.20/turn                S - ring of see invisible

@: sick, flying
A: horns 2, retaliatory headbutt, iridescent scales 2, weak 1
}: 2/15 runes: decaying, gossamer
a: Renounce Religion, Heroism, Finesse, Duel


You were on level 4 of the Abyss.
You worshipped Okawaru.
Okawaru was exalted by your worship.
You visited 6 branches of the dungeon, and saw 33 of its levels.
You visited the Abyss 1 time.
You also visited: Ice Cave.

You collected 4554 gold pieces.
You spent 873 gold pieces at shops.

Inventory:

Hand Weapons
 a - a +9 vampiric broad axe (weapon)
 d - the +3 broad axe of Resourcefulness {drain, rElec rPois rN++ Will-}
   (Okawaru gifted it to you on level 4 of the Lair of Beasts)

   rElec:     It insulates you from electricity.
   rPois:     It protects you from poison.
   rN:        It greatly protects you from negative energy.
   Will:      It decreases your willpower.
 s - a +5 broad axe of flaming
Missiles
 A - 2 silver boomerangs
 B - 21 boomerangs (quivered)
 E - 8 javelins
 F - 9 curare-tipped darts
 O - a throwing net
Armour
 o - the +2 hood of the Assassin (worn) {Detect Stab+ Stlth++}
   (Okawaru gifted it to you on level 2 of the Orcish Mines)

   Detect:    It allows the wearer to sense nearby creatures.
   Stab+:     It allows the wearer to make particularly effective stabbing
   attacks against helpless or unaware enemies with any weapon.
   Stlth:     It makes you much more stealthy.
 x - the +8 crystal plate armour of Daisies {rC++ Int-4}
   (You acquired it on level 4 of the Spider Nest)

   Int:       It affects your intelligence (-4).
   rC:        It greatly protects you from cold.
 M - the -2 pair of gloves of the Volcano (worn) {rF+ Will+ Dex+3}
   (Okawaru gifted it to you on level 3 of the Lair of Beasts)

   Dex:       It affects your dexterity (+3).
   rF:        It protects you from fire.
   Will:      It increases your willpower.
 P - a +0 kite shield (worn)
 U - a +0 crystal plate armour of cold resistance (worn)
 V - the +2 ratskin cloak (worn) {*Rats rPois rN+ Str-1 Int-1 Dex+1}
   (You found it on level 8 of the Dungeon)

   *Rats:     When the wearer is hurt, rats may emerge from it to assist them.
   Str:       It affects your strength (-1).
   Int:       It affects your intelligence (-1).
   Dex:       It affects your dexterity (+1).
   rPois:     It protects you from poison.
   rN:        It protects you from negative energy.
 Z - the +0 pair of boots of Surprise (worn) {Dex+2}
   (Okawaru gifted it to you on level 4 of the Lair of Beasts)

   Dex:       It affects your dexterity (+2).
Jewellery
 c - a +6 ring of dexterity
 f - a ring of ice
 l - an amulet of regeneration (around neck)
 u - the ring "Xoubri" (left hand) {Fly Will+ EV+5}
   (You bought it in a shop on level 2 of the Orcish Mines)

   [ring of evasion]

   EV:        It affects your evasion (+5).
   Fly:       It grants you flight.
   Will:      It increases your willpower.
 y - a ring of positive energy
 I - a ring of fire
 J - a ring of protection from cold
 N - a +6 ring of strength
 S - a ring of see invisible (right hand)
Wands
 D - a wand of paralysis (51)
 W - a wand of digging (13)
Scrolls
 g - a scroll of torment
 h - 5 scrolls of fog
 j - 7 scrolls of magic mapping
 k - 2 scrolls of poison
 q - a scroll of silence
 z - 5 scrolls of teleportation
 G - 4 scrolls of blinking
 Q - 6 scrolls of enchant armour
 R - 3 scrolls of vulnerability
 T - 10 scrolls of immolation
 X - 7 scrolls of fear
 Y - 3 scrolls of brand weapon
Potions
 e - a potion of haste
 i - 7 potions of invisibility
 m - 15 potions of curing
 n - 4 potions of lignification
 p - 7 potions of ambrosia
 r - 5 potions of heal wounds
 t - 3 potions of berserk rage
 v - a potion of resistance
 w - 6 potions of mutation
 C - 6 potions of might
 H - 2 potions of magic
 K - 2 potions of cancellation
 L - 3 potions of attraction
Miscellaneous
 b - a phial of floods


   Skills:
 + Level 19.5 Fighting
 - Level 18.0 Axes
 + Level 16.3 Throwing
 + Level 18.1 Armour
 - Level 6.9 Dodging
 - Level 15.0 Shields
 - Level 13.0 Invocations


You had 18 spell levels left.
You didn't know any spells.
Your spell library contained the following spells:

 Spells                   Type           Power      Damage    Failure   Level
 Beastly Appendage        Tmut           0%         N/A       100%        1
 Kiss of Death            Conj/Necr      0%         2d5       100%        1
 Shock                    Conj/Air       0%         1d3       100%        1
 Blink                    Tloc           0%         N/A       100%        2
 Cigotuvi's Dreadful Rot  Necr/Pois/Air  0%         N/A       100%        2
 Ensorcelled Hibernation  Hex/Ice        0%         N/A       100%        2
 Lesser Beckoning         Tloc           0%         N/A       100%        2
 Momentum Strike          Conj/Tloc      0%         3d8       100%        2
 Poisonous Vapours        Pois/Air       0%         N/A       100%        2
 Sublimation of Blood     Necr           0%         N/A       100%        2
 Wereblood                Tmut           0%         N/A       100%        2
 Confusing Touch          Hex            0%         N/A       100%        3
 Dazzling Flash           Conj/Hex       0%         N/A       100%        3
 Frozen Ramparts          Ice            0%         1d1       100%        3
 Gell's Gravitas          Tloc           0%         N/A       100%        3
 Mephitic Cloud           Conj/Pois/Air  0%         N/A       100%        3
 Spider Form              Tmut/Pois      0%         N/A       100%        3
 Teleport Other           Tloc           0%         N/A       100%        3
 Anguish                  Hex/Necr       0%         N/A       100%        4
 Dispel Undead            Necr           0%         3d6       100%        4
 Ice Form                 Ice/Tmut       0%         N/A       100%        4
 Passage of Golubria      Tloc           0%         N/A       100%        4
 Agony                    Necr           0%         N/A       100%        5
 Freezing Cloud           Conj/Ice/Air   0%         6-21      100%        5
 Iskenderun's Battlesphe  Conj           0%         2d6       100%        5
 Silence                  Hex/Air        0%         N/A       100%        5
 Yara's Violent Unravell  Hex/Tmut       0%         3d3       100%        5
 Enfeeble                 Hex            0%         N/A       100%        7
 Borgnjor's Revivificati  Necr           0%         N/A       100%        8
 Lehudib's Crystal Spear  Conj/Erth      0%         10d2      100%        8
 Necromutation            Tmut/Necr      0%         N/A       100%        8
 Chain Lightning          Conj/Air       0%         N/A       100%        9
 Death's Door             Necr           0%         N/A       100%        9
 Fire Storm               Conj/Fire      0%         5d1       100%        9
 Shatter                  Erth           0%         3d5*      100%        9
 Summon Ice Beast         Ice/Summ       Unusable   N/A       N/A         4
 Summon Hydra             Summ           Unusable   N/A       N/A         7

Dungeon Overview and Level Annotations

Branches:
Dungeon (15/15)            Temple (0/1) D:6            Lair (5/5) D:11
  Swamp (4/4) Lair:3       Spider (4/4) Lair:2        Slime (0/5) Lair:4
    Orc (2/2) D:9             Elf (3/3) Orc:2        Vaults (0/5) D:13
 Depths (0/4) D:15          IceCv (visited)

Altars:
Hepliaklqana
Kikubaaqudgha
Okawaru
Ru
Yredelemnul
Jiyva
Lugonu

Shops:
D:3 *   D:12 [   Orc:1 !   Orc:2 :==*

Portals:
Abyss: Lair:5

Annotations:
D:8 6 transporters
D:11 1 runed translucent door, 112233's ghost, journeyman SpAE
Lair:2 1 runed translucent door, Deklasuc's ghost, journeyman VSBr


Innate Abilities, Weirdness & Mutations

You have a pair of horns on your head.
You reflexively headbutt those who attack you in melee.
You are mostly covered in iridescent scales. (AC +4)
You are weak. (Str -2)


Message History

The lich is severely damaged.
You hit the starcursed mass but do no damage.
A starcursed mass splits. x2
The lich touches you but does no damage.
You block the orange demon's attack.
You slice the lich!! You headbutt the lich.
You destroy the lich!
Okawaru accepts your kill.
You completely miss the starcursed mass.
A chorus of shrieks assaults your mind.
* * * LOW HITPOINT WARNING * * *
You block the orange demon's attack.
You feel much better.
The substance of the Abyss twists violently, and a gateway leading out appears!
A starcursed mass splits.
A chorus of shrieks assaults your mind.
* * * LOW HITPOINT WARNING * * *
You block the orange demon's attack.
Okay, then.
A starcursed mass splits.
Okay, then.
You feel much better. You block the starcursed mass's attack.
A chorus of shrieks assaults your mind.
* * * LOW HITPOINT WARNING * * *
The orange demon stings you from afar.
* * * LOW HITPOINT WARNING * * *
You are confused.
You feel invigorated. A chorus of shrieks assaults your mind.
* * * LOW HITPOINT WARNING * * *
The orange demon barely misses you.
A starcursed mass comes into view.
A starcursed mass splits.
You're too confused to move!
You feel less invigorated.
You feel less confused. The starcursed mass touches you.
* * * LOW HITPOINT WARNING * * *
A starcursed mass splits. x2
A deafening chorus of shrieks assaults your mind!
You die...

#.#. #.
# .# ...
# . .
#..#. .#
. .. #.#
#X#
#..#.#{
#
.##X#XX#
. .
{#X##.#
# # .#X#
.# ..
##@#.#.#
# # {
#>...X#
.
####X..#
X## ..
#.


You could see 7 starcursed masses.

Vanquished Creatures
  Arachne (Spider:2)
  A Tzitzimitl (Spider:4)
  A lich (Abyss:4)
  A deep elf blademaster (Elf:2)
  A thorn hunter (Swamp:2)
  A tentacled starspawn (Abyss:4)
  Kirke (Swamp:3)
  Donald (Swamp:2)
  The ghost of Zentennen the Peltast, an adept OpIE of Uskayaw (Spider:4)
  A frost giant (IceCv)
  A deep elf sorcerer (Elf:1)
  6 emperor scorpions
  5 ghost moths
  Louise (Swamp:3)
  A stone giant (D:15)
  3 broodmothers (Spider:3)
  5 eleionomae
  A bunyip (shapeshifter) (Lair:5)
  A deep elf annihilator (Elf:1)
  7 bunyips
  3 spark wasps (Spider:4)
  A yellow draconian (Abyss:4)
  Snorg (D:14)
  4 shambling mangroves (Swamp:4)
  2 entropy weavers
  Josephine (Lair:4)
  30 hydras
  A vault guard (D:13)
  3 jorogumos
  A ghost crab (Swamp:2)
  Erica (D:8)
  2 radroaches
  5 boulder beetles
  A catoblepas (Lair:4)
  7 centaur warriors
  6 two-headed ogres
  29 dancing weapons
  A death knight (D:14)
  10 alligators
  8 tengu warriors
  2 orc high priests
  15 death yaks
  8 thrashing horrors
  10 deep elf knights
  A soul eater (Abyss:4)
  7 goliath frogs
  A death drake (Swamp:4)
  6 large abominations
  8 skeletal warriors (D:15)
  3 pharaoh ants
  2 spriggan druids
  7 orb spiders
  11 bog bodies
  7 swamp dragons
  Pikel (D:6)
  7 deep elf archers
  A lindwurm (Lair:3)
  A wizard (D:13)
  A necromancer (D:13)
  8 orc knights (Orc:2)
  3 steelbarb worms
  23 wolf spiders
  3 manticores
  22 deep elf zephyrmancers
  5 orc sorcerers
  25 deep elf pyromancers
  9 ugly things
  5 cyclopes
  3 will-o-the-wisps
  3 moths of wrath
  13 elephants
  2 ice statues
  Maurice (Orc:1)
  4 demonic crawlers (Spider:1)
  3 black mambas
  A gargoyle (D:10)
  2 smoke demons
  3 torpor snails
  A rust devil (Abyss:4)
  Maggie (D:7)
  6 cane toads
  2 kobold demonologists (D:12)
  5 rime drakes
  5 komodo dragons
  A tormentor (Abyss:4)
  A yaktaur (D:13)
  4 ancient zymes
  2 tengu conjurers
  5 trolls
  9 meliai
  A meliai (shapeshifter) (Lair:5)
  7 tyrant leeches
  17 hornets
  15 polar bears
  16 tarantellas
  Prince Ribbit (D:7)
  20 blink frogs
  9 dream sheep
  7 saltlings (Orc:2)
  2 air elementals (Elf:1)
  21 jumping spiders
  4 spriggans
  3 slime creatures (D:12)
  3 ynoxinuls (Lair:5)
  3 water elementals
  5 wyverns
  21 culicivoras
  A shadow (D:11)
  6 wraiths
  7 basilisks
  3 hogs (Swamp:3)
  A hog (shapeshifter) (D:13)
  22 humans
  2 vampires (D:11)
  53 yaks
  2 fire bats (Abyss:4)
  3 fire elementals
  53 redbacks
  A chaos spawn (Lair:5)
  12 vampire mosquitoes
  2 neqoxecs (Abyss:4)
  6 wargs
  14 swamp worms
  3 acid dragons
  13 water moccasins
  18 orc warriors
  7 swamp drakes
  2 black bears
  2 ice beasts
  20 centaurs
  2 ogres (Orc:2)
  50 wolves
  2 phantoms
  3 lemures (D:6)
  5 kobold brigands
  11 bullfrogs
  A gnoll sergeant (D:9)
  11 small abominations
  3 earth elementals
  5 scorpions
  4 wights
  5 killer bees (D:11)
  6 howler monkeys
  5 hounds
  A quasit (Abyss:4)
  2 jellies
  13 orc priests
  8 starcursed masses (Abyss:4)
  Crazy Yiuf (D:7)
  Terence (D:2)
  2 iguanas
  22 orc wizards
  13 gnolls
  10 adders
  2 white imps (D:6)
  An ufetubus (D:7)
  3 worms
  4 dart slugs
  63 orcs
  3 ball pythons
  A bat (D:2)
  4 endoplasms
  2 giant cockroaches
  7 goblins
  8 hobgoblins
  6 jackals
  4 quokkas
  5 frilled lizards
  14 kobolds
  8 rats
  5 briar patches (Swamp:2)
  2 starspawn tentacles (Abyss:4)
1173 creatures vanquished.

Vanquished Creatures (others)
  A deep elf knight (Elf:1)
  2 wizards (D:13)
  A demonic crawler (Spider:2)
  A bloated husk (Swamp:1)
  A tyrant leech (Swamp:2)
  A fire elemental (Elf:2)
  A water elemental (Abyss:4)
  A human (D:7)
  A briar patch (Swamp:2)
  6 foxfires
  25 fungi
  3 pillars of salt (Orc:2)
  59 plants
103 creatures vanquished.

Grand Total: 1276 creatures vanquished

Notes
Turn   | Place    | Note
-------+----------+-------------------------------------------
     0 | D:1      | MacCMillion the Minotaur Fighter began the quest for the
                  | Orb.
     0 | D:1      | Reached XP level 1. HP: 19/19 MP: 0/0
    95 | D:1      | Found a faded altar of an unknown god.
   132 | D:1      | Reached XP level 2. HP: 25/26 MP: 1/1
   140 | D:1      | Prayed at the altar of an unknown god.
   140 | D:1      | Became a worshipper of Warmaster Okawaru
   140 | D:1      | Reached * piety under Okawaru
   459 | D:2      | Reached XP level 3. HP: 31/31 MP: 2/2
   671 | D:2      | Noticed Terence
   679 | D:2      | Killed Terence
   881 | D:2      | Reached XP level 4. HP: 32/39 MP: 3/3
  1138 | D:2      | Reached skill level 5 in Shields
  1167 | D:2      | Reached skill level 1 in Invocations
  1375 | D:3      | Found Anayw's General Store.
  1461 | D:3      | Reached XP level 5. HP: 40/45 MP: 5/5
  1566 | D:3      | Bought a scroll of identify for 28 gold pieces
  1788 | D:3      | Reached skill level 5 in Axes
  1953 | D:4      | Noticed a phantom
  1975 | D:4      | Killed a phantom
  2201 | D:4      | Reached XP level 6. HP: 47/51 MP: 7/7
  2234 | D:4      | Reached ** piety under Okawaru
  2847 | D:5      | Entered Level 5 of the Dungeon
  3075 | D:5      | Reached XP level 7. HP: 55/57 MP: 8/8
  3245 | D:5      | Found a hazy altar of Hepliaklqana.
  3305 | D:5      | Reached *** piety under Okawaru
  3600 | D:6      | Reached XP level 8. HP: 64/64 MP: 9/9
  3841 | D:6      | Reached skill level 10 in Axes
  3949 | D:6      | Reached skill level 4 in Fighting
  4064 | D:6      | Reached **** piety under Okawaru
  4065 | D:6      | Reached skill level 5 in Armour
  4080 | D:6      | Reached skill level 5 in Fighting
  4155 | D:6      | Found a staircase to the Ecumenical Temple.
  4509 | D:7      | Noticed Pikel
  4544 | D:6      | Killed Pikel
  4545 | D:6      | Reached skill level 6 in Fighting
  4545 | D:6      | Reached XP level 9. HP: 58/75 MP: 9/11
  4618 | D:7      | Found an ancient bone altar of Kikubaaqudgha.
  4743 | D:7      | Noticed Maggie
  4752 | D:7      | Paralysed by Maggie for 3 turns
  4766 | D:7      | Killed Maggie
  4767 | D:7      | Reached skill level 1 in Throwing
  4926 | D:7      | Reached ***** piety under Okawaru
  4940 | D:7      | Found a basalt altar of Yredelemnul.
  5072 | D:7      | Noticed Prince Ribbit
  5088 | D:7      | Killed Prince Ribbit
  5212 | D:7      | Found a runed translucent door.
  5213 | D:7      | Noticed Crazy Yiuf
  5256 | D:7      | Killed Crazy Yiuf
  5415 | D:8      | Reached skill level 5 in Invocations
  5420 | D:8      | Found a transporter.
  5424 | D:8      | Found a transporter.
  5480 | D:8      | Reached skill level 7 in Fighting
  5480 | D:8      | Noticed Erica
  5822 | D:8      | Received a gift from Okawaru
  5825 | D:8      | Found a transporter.
  5935 | D:8      | Found a transporter.
  6088 | D:8      | Found a transporter.
  6094 | D:8      | Found a transporter.
  6115 | D:8      | Killed Erica
  6115 | D:8      | Received a gift from Okawaru
  6116 | D:8      | Reached XP level 10. HP: 54/86 MP: 10/12
  6427 | D:8      | Found the +2 ratskin cloak {*Rats rPois rN+ Str-1 Int-1
                  | Dex+1}
  6950 | D:9      | Received a gift from Okawaru
  7175 | D:9      | Found a staircase to the Orcish Mines.
  7361 | D:9      | Reached skill level 5 in Throwing
  7361 | D:9      | Received a gift from Okawaru
  7516 | D:9      | Reached skill level 8 in Fighting
  7893 | D:10     | Entered Level 10 of the Dungeon
  8098 | D:10     | Noticed a gargoyle
  8108 | D:10     | Killed a gargoyle
  8108 | D:10     | Received a gift from Okawaru
  8109 | D:10     | Reached XP level 11. HP: 90/94 MP: 12/14
  8796 | D:11     | Received a gift from Okawaru
  8869 | D:11     | Noticed a two-headed ogre
  8877 | D:11     | Killed a two-headed ogre
  8947 | D:11     | Noticed a three-headed hydra
  8956 | D:11     | Found a staircase to the Lair.
  9334 | D:11     | Found a runed translucent door.
  9336 | D:11     | Noticed 112233's ghost (journeyman SpAE)
  9336 | D:11     | Noticed a deep elf pyromancer
  9444 | D:11     | Reached skill level 9 in Fighting
  9911 | Lair:1   | Entered Level 1 of the Lair of Beasts
 10154 | D:11     | Killed a three-headed hydra
 10484 | D:11     | Found a staircase to the Lair.
 11254 | Lair:1   | Received a gift from Okawaru
 11347 | Lair:1   | Received a gift from Okawaru
 11348 | Lair:1   | Reached XP level 12. HP: 97/105 MP: 16/16
 11396 | Lair:1   | Noticed a boulder beetle
 11418 | Lair:1   | Killed a boulder beetle
 11418 | Lair:1   | Received a gift from Okawaru
 12034 | Lair:2   | You fall into a shaft and drop 2 floors!
 12034 | Lair:4   | Noticed a death yak
 12050 | Lair:4   | Killed a death yak
 12050 | Lair:4   | Reached ****** piety under Okawaru
 12057 | Lair:4   | Noticed a death yak
 12075 | Lair:4   | Identified the +3 broad axe of Resourcefulness {drain,
                  | rElec rPois rN++ Will-} (Okawaru gifted it to you on level
                  | 4 of the Lair of Beasts)
 12075 | Lair:4   | Received a gift from Okawaru
 12103 | Lair:4   | Noticed a death yak
 12124 | Lair:4   | Killed a death yak
 12124 | Lair:4   | Noticed a death yak
 12125 | Lair:4   | Reached skill level 15 in Axes
 12125 | Lair:4   | Noticed a death yak
 12139 | Lair:4   | Killed a death yak
 12140 | Lair:4   | Reached skill level 10 in Armour
 12143 | Lair:4   | Killed a death yak
 12155 | Lair:4   | Killed a death yak
 12156 | Lair:4   | Reached skill level 10 in Fighting
 12234 | Lair:4   | Noticed a catoblepas
 12242 | Lair:4   | Killed a catoblepas
 12389 | Lair:4   | Identified the +0 pair of boots of Surprise {Dex+2}
                  | (Okawaru gifted it to you on level 4 of the Lair of Beasts)
 12389 | Lair:4   | Received a gift from Okawaru
 12517 | Lair:4   | Noticed Josephine
 12534 | Lair:4   | Killed Josephine
 12535 | Lair:4   | Reached skill level 10 in Throwing
 12692 | Lair:4   | Noticed a six-headed hydra
 12700 | Lair:4   | Killed a six-headed hydra
 12799 | Lair:4   | Found a staircase to the Slime Pits.
 12799 | Lair:4   | Found a viscous altar of Jiyva.
 12847 | Lair:3   | Noticed an eight-headed hydra
 12861 | Lair:3   | Killed an eight-headed hydra
 12947 | Lair:3   | Reached XP level 13. HP: 113/113 MP: 18/18
 12951 | Lair:3   | Identified the +6 trident of Sloth {freeze, +Blink Str+7
                  | Int-4}
 13499 | Lair:3   | Found a staircase to the Swamp.
 13555 | Lair:3   | Identified the -2 pair of gloves of the Volcano {rF+ Will+
                  | Dex+3} (Okawaru gifted it to you on level 3 of the Lair of
                  | Beasts)
 13555 | Lair:3   | Received a gift from Okawaru
 14149 | Lair:2   | Identified the +1 leather armour "Nawiu" {Dex+3}
 14222 | Lair:2   | Found a runed translucent door.
 14222 | Lair:2   | Noticed Deklasuc's ghost (journeyman VSBr)
 14409 | Lair:2   | Found a hole to the Spider Nest.
 14457 | Lair:2   | Reached skill level 10 in Invocations
 15167 | Lair:4   | Reached skill level 1 in Dodging
 15303 | Lair:5   | Entered Level 5 of the Lair of Beasts
 15687 | Lair:5   | Received a gift from Okawaru
 15688 | Lair:5   | Reached skill level 11 in Fighting
 16071 | Lair:5   | Reached XP level 14. HP: 124/124 MP: 21/21
 16779 | Lair:5   | Reached skill level 12 in Fighting
 16952 | Lair:5   | Received a gift from Okawaru
 17013 | Lair:5   | Found a corrupted altar of Lugonu.
 17013 | Lair:5   | Found a one-way gate to the infinite horrors of the Abyss.
 17024 | Lair:5   | Identified the staff of cold "Myeruhoe" {rC+ rCorr Int+4
                  | Dex-3}
 17196 | Lair:5   | Identified the +6 mace "Sefeobb" {distort, rC+}
 17466 | Orc:1    | Entered Level 1 of the Orcish Mines
 17513 | Orc:1    | Found Bim Gaom's Distillery.
 17616 | Orc:1    | Noticed Maurice
 17629 | Orc:1    | Killed Maurice
 17681 | Orc:1    | Bought a potion of cancellation for 120 gold pieces
 18051 | Orc:2    | Entered Level 2 of the Orcish Mines
 18051 | Orc:2    | Found a staircase to the Elven Halls.
 18468 | Orc:2    | Reached skill level 13 in Fighting
 18469 | Orc:2    | Found Zuoraedo's Assorted Antiques.
 18471 | Orc:2    | Found Danur's Jewellery Shop.
 18525 | Orc:2    | Found Hoffuir's Book Shoppe.
 18531 | Orc:2    | Received a gift from Okawaru
 18531 | Orc:2    | Found the +2 hood of the Assassin {Detect Stab+ Stlth++}
 18584 | Orc:2    | Found Qeoroenu's Jewellery Boutique.
 19188 | Orc:2    | Bought a scroll of teleportation for 66 gold pieces
 19349 | D:12     | Found a frozen archway.
 19363 | IceCv    | Entered an ice cave
 19832 | IceCv    | Reached XP level 15. HP: 137/137 MP: 23/23
 20063 | IceCv    | Noticed a frost giant
 20134 | IceCv    | Killed a frost giant
 20374 | D:12     | Reached skill level 14 in Fighting
 20765 | D:12     | Found Yboa's Armour Shop.
 21231 | D:13     | Received a gift from Okawaru
 21264 | D:13     | Found an iron altar of Okawaru.
 21318 | D:13     | Identified the +0 scale mail of Teocaf {Drain Dex+3 SInv}
 21371 | D:13     | Reached skill level 5 in Dodging
 21663 | D:13     | Found a gate to the Vaults.
 22016 | Orc:2    | Bought the ring "Xoubri" {Fly Will+ EV+5} for 659 gold
                  | pieces
 22341 | D:14     | Noticed Snorg
 22356 | D:14     | Killed Snorg
 22428 | D:14     | Received a gift from Okawaru
 22726 | D:14     | Received a gift from Okawaru
 22727 | D:14     | Reached skill level 15 in Fighting
 22898 | D:14     | Gained mutation: You are partially covered in iridescent
                  | scales. (AC +2) [potion of mutation]
 22898 | D:14     | Gained mutation: You are mostly covered in iridescent
                  | scales. (AC +4) [potion of mutation]
 23086 | D:15     | Entered Level 15 of the Dungeon
 23241 | D:15     | Found a sacrificial altar of Ru.
 23348 | D:15     | Received a gift from Okawaru
 23598 | D:15     | Reached XP level 16. HP: 142/149 MP: 24/24
 23689 | D:15     | Identified the +3 morningstar of Lonepn {freeze, Int+3}
 23821 | D:15     | Found a staircase to the Depths.
 24090 | Spider:1 | Entered Level 1 of the Spider Nest
 24547 | Spider:1 | Reached skill level 10 in Shields
 24866 | Spider:2 | Noticed Arachne
 25178 | Spider:1 | Received a gift from Okawaru
 25250 | Spider:2 | Killed Arachne
 27006 | Spider:3 | Received a gift from Okawaru
 27219 | Spider:4 | Entered Level 4 of the Spider Nest
 27921 | Spider:4 | Reached skill level 15 in Shields
 28057 | Spider:4 | Found a runed translucent gate.
 28058 | Spider:4 | Found a runed translucent gate.
 28059 | Spider:4 | Found a runed translucent gate.
 28060 | Spider:4 | Noticed Zentennen's ghost (adept OpIE)
 28060 | Spider:4 | Identified a scroll of acquirement
 28062 | Spider:4 | Noticed a Tzitzimitl
 28077 | Spider:4 | Killed a Tzitzimitl
 28474 | Spider:4 | Killed Zentennen's ghost
 28475 | Spider:4 | Reached XP level 17. HP: 40/152 MP: 25/25
 29942 | Spider:4 | Acquired the +8 crystal plate armour of Daisies {rC++
                  | Int-4}
 29957 | Spider:4 | Identified the +0 helmet of Card Tricks {rF- Str+5 Dex+3
                  | SInv}
 31726 | Spider:4 | Reached skill level 16 in Fighting
 31728 | Spider:4 | Identified the +1 broad axe "Leluxt" {flame, rF+ rC++ rN+
                  | Stlth+} (Okawaru gifted it to you on level 4 of the Spider
                  | Nest)
 31728 | Spider:4 | Received a gift from Okawaru
 31977 | Spider:4 | Got a gossamer rune of Zot
 32169 | Swamp:1  | Entered Level 1 of the Swamp
 33037 | Swamp:2  | Noticed Donald
 33056 | Swamp:2  | Killed Donald
 33455 | Swamp:2  | Reached skill level 15 in Armour
 33459 | Swamp:2  | Identified the +1 pair of gloves of the Dice {rF+++ rC+++
                  | Regen+ Str-5} (Okawaru gifted it to you on level 2 of the
                  | Swamp)
 33459 | Swamp:2  | Received a gift from Okawaru
 33486 | Swamp:2  | Acquired 773 gold pieces
 33687 | Swamp:3  | Noticed Louise
 33720 | Swamp:3  | Killed Louise
 33731 | Swamp:3  | Reached skill level 17 in Fighting
 34013 | Swamp:3  | Noticed Kirke
 34023 | Swamp:3  | Killed Kirke
 34456 | Swamp:4  | Entered Level 4 of the Swamp
 34495 | Swamp:4  | Reached XP level 18. HP: 170/170 MP: 26/26
 35419 | Swamp:4  | Received a gift from Okawaru
 35560 | Swamp:4  | Got a decaying rune of Zot
 36058 | Elf:1    | Entered Level 1 of the Elven Halls
 36063 | Elf:1    | Reached skill level 18 in Fighting
 36120 | Elf:1    | Reached skill level 15 in Throwing
 36194 | Elf:1    | Identified the +9 crystal plate armour "Giybiac" {rC++
                  | Will-} (Okawaru gifted it to you on level 1 of the Elven
                  | Halls)
 36194 | Elf:1    | Received a gift from Okawaru
 36497 | Elf:1    | Got the Compilation of Arcane Weapons
 36610 | Elf:1    | Paralysed by an air elemental for 1 turns
 36870 | Elf:1    | Paralysed by an air elemental for 1 turns
 37694 | Elf:2    | Found a huge runed translucent gate.
 37694 | Elf:2    | Found a huge runed translucent gate.
 37694 | Elf:2    | Found a huge runed translucent gate.
 37700 | Elf:2    | Found a huge runed translucent gate.
 37700 | Elf:2    | Found a huge runed translucent gate.
 38092 | Elf:2    | Reached XP level 19. HP: 113/181 MP: 27/27
 38157 | Elf:2    | Reached skill level 19 in Fighting
 38189 | Elf:2    | Received a gift from Okawaru
 38362 | Elf:2    | Received a gift from Okawaru
 38495 | Elf:2    | Received a gift from Okawaru
 38554 | Elf:3    | Entered Level 3 of the Elven Halls
 38785 | Abyss:4  | Cast into level 4 of the Abyss (a deep elf sorcerer)
 38971 | Abyss:4  | Gained mutation: You are weak. (Str -2) [a neqoxec]
 39135 | Abyss:4  | HP: 4/183 [starcursed mass/accursed screaming (9)]
 39141 | Abyss:4  | Killed from afar by a starcursed mass

Illustrated notes

Levels and vault maps discovered:
D:1:      nzn_arrival_crosshair, layout_rooms,
          ebering_ecumenical_altar_sacrificial
D:2:      layout_rooms, uniq_terence
D:3:      layout_rooms, serial_shops, nicolae_shop_crystal,
          minmay_stone_trees_small, amcnicky_mini_rare_corridor_liquid
D:4:      layout_loops_corners
D:5:      layout_gridville, nicolae_hepliaklqana_hazy_memory,
          serial_bayou_pond_c, kennysheep_another_room, moated_statue
D:6:      layout_loops_ring, minmay_temple_entry_glassed_door,
          hangedman_abyss_or_decor_stagger
D:7:      layout_rooms, tgw_kikubaaqudgha, kennysheep_mini_moat,
          chequers_decorated_corner, uniq_maggie, uniq_crazy_yiuf_cottage,
          uniq_pikel, uniq_prince_ribbit1
D:8:      layout_loops_ring, dk_noncrumbling_2, serial_nicolae_subway,
          nicolae_sub_station_metal, nicolae_sub_station_stone,
          nicolae_sub_station_crystal, uniq_erica
D:9:      layout_loops_ring, david_orc_4, kennysheep_generic_room_13
D:10:     layout_roguey
D:11:     layout_stronghold, lair_entry_dummy, ebering_ghost_inner_flame,
          hangedman_ranch
D:12:     layout_cave_pods, serial_shops, kennysheep_little_box,
          portal_ice_cave_rime
D:13:     layout_loops_ring, grunt_vaults_entry_tiered, st_stairs_4,
          okawaru_metal_pillars_1_2
D:14:     layout_basic, kennysheep_boxes, grunt_ogre_cave, minivault_16,
          uniq_snorg
D:15:     grunt_enter_depths_snipers, layout_long_grid, serial_bayou_pond_c,
          minivault_20, hangedman_ru_absence
Lair:1:   layout_loops_ring, serial_bayou_pond_c, infiniplex_staircase_pool
Lair:2:   layout_hall_layers, spider_nest_entry_funnel_web,
          hellmonk_ghost_happy_afterlife
Lair:3:   layout_regular_city, skrybe_swamp_entry_bodies,
          grunt_forest_large_clearings, infiniplex_staircase_pool_2
Lair:4:   layout_gridlike, slime_entry_1, minivault_24, grunt_megastairs_1,
          uniq_josephine
Lair:5:   hellmonk_lair_end_abyssal_woods, layout_cave_shapes
Swamp:1:  layout_falls_marsh, nicolae_swamp_dense_foliage
Swamp:2:  layout_basic_swamp, evilmike_swamp_ruin_rubble_1, swamp_pool4,
          uniq_donald
Swamp:3:  layout_basic_swamp, hangedman_swamp_ruin_hall, uniq_kirke, uniq_louise
Swamp:4:  swamp_basic_johnstein, layout_basic_swamp
Spider:1: layout_spider_delve
Spider:2: layout_spider_delve, drop_trap, uniq_arachne
Spider:3: nicolae_spider_brood_tunnel
Spider:4: spider_rune_water, gammafunk_ghost_tricky_traps
Orc:1:    layout_caves, serial_shops, nicolae_shop_waterfront,
          guppyfry_library_mini, uniq_maurice
Orc:2:    hellmonk_orc_salted, layout_caves, basic_altar
Elf:1:    minmay_elf_arrival_circle, layout_gridlike, minmay_elf_annihilation
Elf:2:    elven_hall_of_blades_hangedman_alternative [mumra_blade_entry_dagger],
          layout_gridlike
Elf:3:    grunt_elf_hall_spiral, layout_gridlike, serial_shops,
          bzr_entry_lakeside, uniq_asterion
Abyss:4:  base: D:12, guppyfry_abyss_exit_spiral_guarded,
          hangedman_abyss_river_spirits, hangedman_classic_abyss_death

Skill      XL: |  1  2  3  4  5  6  7  8  9 10 11 12 13 14 15 16 17 18 19 |
---------------+----------------------------------------------------------+-----
Shields        | 4 5 15 | 15.0
Axes           | 3 4 5 7 9 11 12 13 14 16 18 | 18.0
Invocations    | 1 2 3 4 5 6 7 8 11 13 | 13.0
Armour         | 4 6 7 8 9 10 11 13 15 17 18 | 18.1
Fighting       | 6 7 8 9 10 11 13 15 17 18 19 | 19.5
Throwing       | 4 6 8 10 11 12 14 15 16 | 16.3
Dodging        | 4 6 |  6.9

Action                     |  1- 3 |  4- 6 |  7- 9 | 10-12 | 13-15 | 16-18 | 19-21 || total
---------------------------+-------+-------+-------+-------+-------+-------+-------++-------
  Melee: War axe           |    70 |   142 |   278 |   222 |       |       |       ||   712
         Headbutt          |     9 |    11 |    49 |   108 |   306 |   375 |    46 ||   904
         Broad axe         |       |       |       |   285 |  1211 |  1379 |   199 ||  3074
         Flail             |       |       |       |    15 |    18 |       |       ||    33
  Throw: Boomerang         |       |     6 |       |    15 |    51 |    17 |       ||    89
         Dart              |       |       |     2 |    10 |    11 |       |       ||    23
         Javelin           |       |       |       |       |       |     4 |       ||     4
 Invoke: Heroism           |       |       |     1 |     1 |     1 |       |       ||     3
         Finesse           |       |       |       |       |     3 |     2 |     1 ||     6
  Evoke: Wand              |       |       |     1 |       |       |       |       ||     1
    Use: Scroll            |       |     4 |     5 |     8 |    12 |    17 |       ||    46
         Potion            |       |       |       |       |     1 |     1 |     4 ||     6
   Stab: Paralysed         |       |       |     8 |       |       |       |       ||     8
         Confused          |       |       |       |       |       |     1 |       ||     1
 Armour: Scale mail        |    35 |    70 |       |       |       |       |       ||   105
         Plate armour      |       |    12 |   191 |   314 |   583 |       |       ||  1100
         Crystal plate arm |       |       |       |       |   238 |   891 |    79 ||  1208
  Dodge: Dodged            |    29 |    58 |    78 |   153 |   432 |   682 |    56 ||  1488
  Block: Buckler           |    10 |    25 |    54 |   103 |   264 |   210 |       ||   666
         Kite shield       |       |       |       |       |       |   621 |    96 ||   717

Table legend: (Time is in decaauts)
 A = Elapsed time spent in this place.
 B = Non-inter-level travel time spent in this place.
 C = Inter-level travel time spent in this place.
 D = Time resting spent in this place.
 E = Time spent auto-exploring this place.
 F = Levels seen in this place.
 G = Mean time per level.
                   A        B        C        D        E       F      G
               +--------+--------+--------+--------+--------+-----+--------+
         Total |  38551 |  34775 |   3776 |   8562 |  18342 |  35 | 1101.5 |
       Dungeon |  15194 |  13183 |   2011 |   1475 |   8991 |  15 | 1012.9 |
          Lair |   6626 |   5758 |    868 |   1256 |   3108 |   5 | 1325.2 |
         Swamp |   3413 |   3263 |    150 |   1002 |   1535 |   4 |  853.2 |
   Spider Nest |   7603 |   7126 |    477 |   3781 |   2057 |   4 | 1900.8 |
  Orcish Mines |   1868 |   1662 |    206 |    330 |    929 |   2 |  934.0 |
   Elven Halls |   2607 |   2546 |     61 |    474 |   1400 |   3 |  869.0 |
         Abyss |    328 |    328 |      0 |     47 |     43 |   1 |  328.0 |
      Ice Cave |    910 |    910 |      0 |    194 |    278 |   1 |  910.0 |
               +--------+--------+--------+--------+--------+-----+--------+

Top non-repeatable levels by time:
Spider:4: 4279 daAuts
    D:11: 2414 daAuts
  Lair:5: 1677 daAuts
     D:9: 1670 daAuts
  Lair:4: 1619 daAuts
  Lair:3: 1564 daAuts
     D:8: 1438 daAuts
   Elf:2: 1343 daAuts
 Swamp:4: 1302 daAuts
   Orc:2: 1256 daAuts
Spider:1: 1159 daAuts
Spider:3: 1142 daAuts
   Elf:1: 1038 daAuts
Spider:2: 1021 daAuts
     D:4: 949 daAuts
